 Dungeon Crawl Stone Soup version 0.20-a0-296-gf222164 (webtiles) character file.

58 holy777 the Conjurer (level 4, -8/31 HPs)
             Began as a Human Conjurer on Dec 14, 2016.
             Mangled by a mummy (18 damage)
             ... in an ossuary.
             The game lasted 00:08:48 (2296 turns).

holy777 the Conjurer (Human Conjurer)               Turns: 2296, Time: 00:08:49

Health: -8/31      AC:  3    Str: 21    XL:     4   Next: 21%
Magic:  2/7        EV: 12    Int: 16    God:
Gold:   111        SH:  0    Dex: 13    Spells: 2/8 levels left

rFire  . . .     SeeInvis .     p - +1 dagger (holy)
rCold  . . .     Gourm    .     a - +0 robe
rNeg   . . .     Faith    .     (no shield)
rPois  .         Spirit   .     (no helmet)
rElec  .         Reflect  .     (no cloak)
rCorr  .         Harm     .     (no gloves)
MR     .....                    o - +0 pair of boots
Stlth  ++........               (no amulet)
                                t - +6 ring of strength
                                u - +6 ring of strength

@: no status effects
A: no striking features
a: no special abilities


You were in an ossuary.
You were not hungry.

You visited 1 branch of the dungeon, and saw 4 of its levels.
You also visited: Ossuary.

You collected 111 gold pieces.

Inventory:

Hand Weapons
 g - a +0 short sword
 m - a +2 mace of protection
 p - a +1 dagger of holy wrath (weapon)
Missiles
 l - 2 javelins of penetration (quivered)
 r - 7 tomahawks of returning
Armour
 a - a +0 robe (worn)
 o - a +0 pair of boots (worn)
Jewellery
 e - an uncursed ring of poison resistance
 t - a +6 ring of strength (right hand)
 u - a +6 ring of strength (left hand)
Scrolls
 h - 3 scrolls of recharging
Potions
 d - a potion of curing {unknown}
 f - 2 potions of magic
 i - a potion of brilliance {unknown}
 j - a potion of agility {unknown}
 k - a potion of mutation {unknown}
 n - a potion of cure mutation {unknown}
 q - a potion of heal wounds {unknown}
Books
 b - a book of Conjurations

   Spells                             Type                      Level
   a - Magic Dart                     Conjuration                  1
   b - Searing Ray                    Conjuration                  2
   c - Dazzling Spray                 Conjuration/Hexes            3
   d - Fulminant Prism                Conjuration/Hexes            4
   e - Iskenderun's Mystic Blast      Conjuration                  4
   f - Iskenderun's Battlesphere      Conjuration/Charms           5
Comestibles
 c - a bread ration
 s - a meat ration


   Skills:
 + Level 0.6 Fighting
 + Level 0.2 Short Blades
 + Level 2.3 Dodging
 + Level 2.1 Stealth
 + Level 2.5 Spellcasting
 + Level 4.7 Conjurations


You had 2 spell levels left.
You knew the following spells:

 Your Spells              Type           Power        Failure   Level  Hunger
a - Magic Dart            Conj           ###.         3%          1    #......
b - Searing Ray           Conj           ###...       6%          2    ##.....
c - Dazzling Spray        Conj/Hex       #.....       21%         3    ###....


Dungeon Overview and Level Annotations

Branches:
Dungeon (4/15)
 Temple: D:4-7

Altars:
Dithmenos
Makhleb

Annotations:
D:2 Sigmund


Message History

You hit the big kobold zombie.
The big kobold zombie convulses.
The big kobold zombie is heavily damaged.
The big kobold zombie hits you but does no damage.
You hit the big kobold zombie.
The big kobold zombie convulses.
The big kobold zombie is severely damaged.
The big kobold zombie hits you.
You hit the big kobold zombie but do no damage.
The big kobold zombie is severely damaged.
The hobgoblin zombie hits you but does no damage.
You hit the mummy.
The mummy convulses.
The mummy is moderately damaged.
The mummy misses you. The hobgoblin zombie misses you.
You hit the mummy but do no damage.
The mummy is moderately damaged.
You hit the mummy.
The mummy convulses.
The mummy is heavily damaged.
The hobgoblin zombie hits you. The mummy barely misses you.
The mummy hits you!!
Ouch! That really hurt!
You die...

.........
........
.....Z
#....#
#....#
#....#
#..Z.#
#.MMZ#
#..@.#
#....#
#....#
#.∩∩.#
######


You could see 2 mummies, a hobgoblin zombie, a big kobold zombie and an orc
zombie (wandering).

Vanquished Creatures
  An adder (D:2)
  A worm (D:2)
  3 dart slugs
  A leopard gecko (D:2)
  3 bats
  2 giant cockroaches (D:1)
  6 goblins
  6 hobgoblins
  2 jackals (D:2)
  A ball python (D:2)
  3 frilled lizards
  2 hobgoblin zombies (Ossuary)
  4 kobolds
  3 rats
38 creatures vanquished.

Notes
Turn   | Place    | Note
-------+----------+-------------------------------------------
     0 | D:1      | holy777 the Human Conjurer began the quest for the Orb.
     0 | D:1      | Reached XP level 1. HP: 13/13 MP: 3/3
   257 | D:1      | Reached XP level 2. HP: 19/19 MP: 1/5
  1046 | D:1      | Reached XP level 3. HP: 23/24 MP: 6/6
  1050 | D:1      | Learned a level 2 spell: Searing Ray
  1055 | D:1      | Learned a level 3 spell: Dazzling Spray
  1696 | D:2      | Found a faded altar of an unknown god.
  1820 | D:2      | Found a shadowy altar of Dithmenos.
  1820 | D:2      | Found a burning altar of Makhleb.
  1925 | D:2      | Reached XP level 4. HP: 28/31 MP: 0/7
  1985 | D:2      | Noticed Sigmund
  2178 | D:4      | Found a sand-covered staircase.
  2253 | Ossuary  | Entered an ossuary
  2296 | Ossuary  | Mangled by a mummy

Vault maps used:
D:1:      minmay_arrival_stair_chambers, minmay_distorted
D:2:      gammafunk_temple_overflow_pools, chequers_ecumenical_altar_lobes,
          uniq_sigmund
D:3:      first_bread, minmay_close_crescents
D:4:      minitemple, enter_ossuary_1
Ossuary:  ossuary_tomb_3

Action                   |  1- 3 |  4- 6 || total
-------------------------+-------+-------++-------
Melee: Dagger            |    23 |    23 ||    46
       Short sword       |    30 |       ||    30
Throw: Javelin           |     2 |     2 ||     4
 Cast: Magic Dart        |    48 |    12 ||    60
       Searing Ray       |     6 |     4 ||    10
  Use: Scroll            |     5 |       ||     5
 Stab: Sleeping          |     5 |       ||     5
  Eat: Chunk             |     4 |     1 ||     5
       Bread ration      |       |     1 ||     1
Armor: Robe              |    10 |     9 ||    19
Dodge: Dodged            |    31 |    24 ||    55
